 Dungeon Crawl Stone Soup version 0.31-a0-702-gf82c85558f (webtiles) character file.

Game seed: 14421966371077169902

3343 Xavori the Covert (level 10, -1/72 HPs)
             Began as an Octopode Chaos Knight on Sept 8, 2023.
             Was a Plaything of Xom.
             Slain by a gnoll
             ... wielding a +0 flail
             ... led by a gnoll bouda
              (9 damage)
             ... on level 9 of the Dungeon.
             The game lasted 00:07:32 (9803 turns).

Xavori the Covert (Octopode Chaos Knight)           Turns: 9803, Time: 00:07:33

Health: -1/72      AC:  3    Str: 16    XL:     10   Next: 2%
Magic:  10/10      EV: 15    Int: 15    God:    Xom [....*.]
Gold:   424        SH:  5    Dex: 19    Spells: 9/9 levels left

rFire   + + .        l - +2 dagger (venom)
rCold   + . .        q - +0 buckler
rNeg    . . .        (helmet restricted)
rPois   +            (no amulet)
rElec   .            n - +6 ring of strength
rCorr   +            A - ring of resist corrosion
SInv    +            C - ring of willpower
Will    +....        (no ring)
Stlth   ++++++       (no ring)
HPRegen 0.32/turn    (no ring)
MPRegen 0.12/turn    (no ring)
                     (no ring)

%: no passive effects
@: weakened, attractive
A: almost no armour, amphibious, 8 rings, camouflage 1, gelatinous body 1,
(nimble swimmer 1), tentacles, iridescent scales 1, see invisible, agile 1, cold
resistance 1, fire resistance 2, mutation resistance 1, poison resistance,
robust 1, MP-powered wands
a: Renounce Religion


You were on level 9 of the Dungeon.
You worshipped Xom.
You were a beloved toy of Xom.
You visited 1 branch of the dungeon, and saw 9 of its levels.

You collected 424 gold pieces.

Inventory:

Hand Weapons
 a - a +0 short sword of chaos
 l - a +2 dagger of venom (weapon)
Armour
 q - a +0 buckler (worn)
Jewellery
 n - a +6 ring of strength (left tentacle)
 s - a ring of fire
 y - a ring of flight
 A - a ring of resist corrosion (right tentacle)
 C - a ring of willpower (on tentacle)
Wands
 g - a wand of iceblast (4)
 t - a wand of flame (22)
 w - a wand of acid (12)
 D - a wand of polymorph (2)
Scrolls
 b - a scroll of butterflies
 c - a scroll of fear {unknown}
 f - 3 scrolls of blinking {unknown}
 h - a scroll of revelation {unknown}
 j - a scroll of noise
 k - a scroll of torment
 o - 3 scrolls of teleportation
 v - a scroll of brand weapon
 z - 2 scrolls of vulnerability {unknown}
 B - a scroll of enchant armour {unknown}
Potions
 d - 6 potions of curing {unknown}
 e - 2 potions of lignification {unknown}
 i - a potion of brilliance {unknown}
 m - 2 potions of might
 p - a potion of invisibility {unknown}
 u - a potion of attraction
 x - a potion of heal wounds {unknown}
Miscellaneous
 r - a sack of spiders


   Skills:
 + Level 5.4 Fighting
 + Level 7.5 Short Blades
 + Level 5.3 Dodging
 + Level 10.6 Stealth
 + Level 2.7 Shields
 * Level 6.2 Evocations


You had 9 spell levels left.
You didn't know any spells.
Your spell library contained the following spells:

 Spells                   Type           Power      Damage    Failure   Level
 Sting                    Tmut/Pois      0%         1d3       34%         1
 Summon Small Mammal      Summ           0%         N/A       34%         1
 Poisonous Vapours        Pois/Air       0%         N/A       45%         2
 Call Canine Familiar     Summ           0%         N/A       71%         3
 Summon Guardian Golem    Hex/Summ       0%         N/A       71%         3
 Olgreb's Toxic Radiance  Pois           0%         N/A       98%         4


Dungeon Overview and Level Annotations

Branches:
Dungeon (10/15)            Temple (0/1) D:6
   Lair: D:8-11         Orc: D:9-12

Altars:
Cheibriados
Elyvilon
Gozag
Hepliaklqana
Qazlal
Wu Jian
Xom
Zin

Annotations:
D:7 Menkaure


Innate Abilities, Weirdness & Mutations

You cannot wear most types of armour.
You are amphibious.
You can wear up to eight rings at the same time.
Your skin changes colour to match your surroundings (Stealth+).
Your rubbery body absorbs attacks. (AC +1, EV +1)
((You are camouflaged when in or above water. (Stealth+)))
You have tentacles for arms and can constrict up to eight enemies at once.
You are partially covered in iridescent scales. (AC +2)
You have supernaturally acute eyesight. (SInv)
You are agile. (Dex +4, Str/Int -1)
Your flesh is cold resistant. (rC+)
Your flesh is very heat resistant. (rF++)
You are somewhat resistant to further mutation.
Your system is resistant to poisons. (rPois)
You are robust. (+10% HP)
You expend magic power (3 MP) to strengthen your wands.


Message History

You hit the gnoll.
The gnoll is poisoned.
You squeeze the gnoll.
The gnoll is moderately wounded.
You constrict the gnoll. You block the gnoll's attack.
You hit the gnoll.
The gnoll looks as sick as possible!
The gnoll is almost dead.
You constrict the gnoll.
You kill the gnoll!
Unknown command.
You hit the gnoll. You grab the gnoll. You squeeze the gnoll.
The gnoll is heavily wounded.
You constrict the gnoll. The gnoll closely misses you. The gnoll misses you.
You hit the gnoll.
The gnoll is poisoned.
The gnoll is severely wounded.
You constrict the gnoll.
You kill the gnoll!
The gnoll barely misses you.
You barely miss the gnoll. You grab the gnoll. You constrict the gnoll.
The gnoll bouda gazes fiercely through you!
You feel your attacks grow feeble. The gnoll hits you with a +0 flail!
You hit the gnoll but do no damage.
The gnoll is poisoned.
You squeeze the gnoll.
The gnoll is lightly wounded.
You constrict the gnoll. You block the gnoll's attack.
The gnoll hits you with a +0 flail!
You hit the gnoll but do no damage.
The gnoll looks even sicker.
The gnoll is moderately wounded.
You constrict the gnoll.
You are now a beloved toy of Xom.
The gnoll hits you from afar with a +0 halberd!
* * * LOW HITPOINT WARNING * * *
The gnoll closely misses you.
The gnoll bouda calls upon its god to heal the gnoll.
The gnoll's wounds heal themselves!
It was a potion of attraction.
You feel attractive to monsters.
Xom thinks this is hilarious!
You constrict the gnoll.
The gnoll is no longer moving quickly.
The gnoll hits you with a +0 flail!
You die...

+######### .......)g####
........gg@># ###########
...(....g##.#####..........
.........##....##..........
.........#####.............
.........# ####..........
.........# #..........
####+##### #..........
######.#### #.#


You could see a gnoll bouda and 3 gnolls.

Vanquished Creatures
  4 yaks (D:7)
  2 steam dragons
  2 water moccasins (D:5)
  An orc warrior (D:7)
  A sky beast (D:7)
  A black bear (D:6)
  A centaur (D:9)
  2 ogres
  A boggart (D:4)
  The ghost of Jingleheimer the Poker, an amateur TeBe of Trog (D:4)
  A kobold brigand (D:7)
  5 scorpions
  3 bullfrogs
  2 howler monkeys
  4 hounds
  5 orc priests
  2 jellies
  4 iguanas
  An iron imp (D:6)
  3 sleepcaps
  7 orc wizards
  5 gnolls
  6 adders
  4 white imps
  An ufetubus (D:6)
  A worm (D:5)
  3 dart slugs
  24 orcs
  4 bats
  8 endoplasms
  4 giant cockroaches
  4 goblins
  5 hobgoblins
  2 jackals (D:4)
  14 kobolds
  7 ball pythons
  5 frilled lizards
  5 rats
155 creatures vanquished.

Vanquished Creatures (others)
  A yak (D:7)
1 creature vanquished.

Grand Total: 156 creatures vanquished

Notes
Turn   | Place    | Note
-------+----------+-------------------------------------------
     0 | D:1      | Xavori the Octopode Chaos Knight began the quest for the
                  | Orb.
     0 | D:1      | Reached XP level 1. HP: 16/16 MP: 1/1
    48 | D:1      | Reached XP level 2. HP: 21/21 MP: 2/2
   170 | D:1      | XOM: divination: detect items
   278 | D:1      | Reached XP level 3. HP: 26/26 MP: 3/3
  1191 | D:1      | XOM: silly message
  1313 | D:1      | XOM is BORED!
  1392 | D:1      | XOM: cloud trail
  1780 | D:1      | XOM: scenery: 2 doors close
  2079 | D:1      | XOM: 2-stop teleportation journey
  2870 | D:1      | XOM: summons 2 hostile demons
  2871 | D:1      | Noticed an ice devil
  2904 | D:2      | XOM: polymorph adder -> orc
  3149 | D:1      | XOM: scenery: 1 doors open, 1 doors close
  3667 | D:1      | XOM: god gift: falchion {god gift}
  3740 | D:1      | XOM: stat loss: -1 Str (10/11)
  3814 | D:1      | XOM: stat loss: -1 Dex (12/13)
  4257 | D:1      | XOM is BORED!
  4257 | D:1      | XOM: summons 1 hostile shadow creature
  4363 | D:2      | XOM: give mutation
  4363 | D:2      | Gained mutation: You are weak. (Str -2) [Xom's mischief]
  4840 | D:1      | XOM: divination: detect items
  5095 | D:1      | XOM: give mutations
  5095 | D:1      | Lost mutation: You are weak. (Str -2) [Xom's grace]
  5095 | D:1      | Gained mutation: You are robust. (+10% HP) [Xom's grace]
  5095 | D:1      | Gained mutation: You expend magic power (3 MP) to
                  | strengthen your wands. [Xom's grace]
  5095 | D:1      | Gained mutation: Your system is resistant to poisons.
                  | (rPois) [Xom's grace]
  5176 | D:1      | XOM: god gift: curved iron wand {god gift}
  5201 | D:1      | XOM: cloud trail
  5329 | D:1      | XOM: give mutations
  5329 | D:1      | Gained mutation: You possess an exceptional clarity of
                  | mind. [Xom's grace]
  5329 | D:1      | Gained mutation: You are partially covered in iridescent
                  | scales. (AC +2) [Xom's grace]
  5423 | D:1      | XOM: give mutations
  5423 | D:1      | Gained mutation: Your flesh is heat resistant. (rF+) [Xom's
                  | grace]
  5423 | D:1      | Gained mutation: You are somewhat resistant to further
                  | mutation. [Xom's grace]
  5423 | D:1      | Gained mutation: You are agile. (Dex +4, Str/Int -1) [Xom's
                  | grace]
  5423 | D:1      | Gained mutation: Your flesh is cold resistant. (rC+) [Xom's
                  | grace]
  5443 | D:1      | XOM: scenery: 1 doors open, 1 doors close
  5499 | D:2      | Reached skill level 1 in Stealth
  5605 | D:2      | XOM: fog
  5819 | D:3      | Found a faded altar of an unknown god.
  5830 | D:3      | Reached XP level 4. HP: 35/35 MP: 4/4
  5831 | D:3      | XOM: silly message
  5831 | D:3      | XOM: butterfly on damage
  5835 | D:3      | Reached skill level 2 in Stealth
  5975 | D:3      | XOM: divination: detect items
  6078 | D:3      | Found a hazy altar of Hepliaklqana.
  6093 | D:3      | XOM: god gift: sack of spiders
  6222 | D:3      | Found a shimmering altar of Xom.
  6223 | D:3      | Noticed an angel
  6228 | D:3      | Found a glowing silver altar of Zin.
  6360 | D:3      | XOM: give mutations
  6360 | D:3      | Gained mutation: You have supernaturally acute eyesight.
                  | (SInv) [Xom's grace]
  6360 | D:3      | Gained mutation: Your flesh is very heat resistant. (rF++)
                  | [Xom's grace]
  6575 | D:4      | Reached skill level 3 in Stealth
  6587 | D:4      | Found a runed translucent gate.
  6587 | D:4      | Found an opulent altar of Gozag.
  6588 | D:4      | Found a runed translucent gate.
  6588 | D:4      | Found a runed translucent gate.
  6596 | D:4      | Reached XP level 5. HP: 39/40 MP: 5/5
  6684 | D:4      | Reached skill level 4 in Stealth
  6684 | D:4      | Reached skill level 1 in Evocations
  6705 | D:4      | XOM: summons 2 hostile demons
  6766 | D:4      | Reached XP level 6. HP: 47/47 MP: 6/6
  6814 | D:4      | XOM: enchant monster (good)
  6821 | D:4      | Reached skill level 5 in Stealth
  6823 | D:4      | XOM: 1-stop teleportation journey
  6875 | D:4      | Found a white marble altar of Elyvilon.
  6904 | D:4      | HP: 2/47 [scorpion (7)]
  6907 | D:4      | Reached XP level 7. HP: 3/52 MP: 5/7
  7233 | D:4      | Reached skill level 1 in Shields
  7301 | D:4      | Noticed Jingleheimer's ghost (amateur TeBe)
  7407 | D:4      | XOM: polymorph jelly -> boggart
  7411 | D:4      | Reached skill level 6 in Stealth
  7415 | D:4      | XOM: summons 2 hostile shadow creatures
  7419 | D:4      | Killed Jingleheimer's ghost
  7618 | D:5      | Entered Level 5 of the Dungeon
  7698 | D:5      | Reached skill level 5 in Short Blades
  7724 | D:5      | Reached skill level 7 in Stealth
  7724 | D:5      | Reached XP level 8. HP: 59/59 MP: 8/8
  8010 | D:5      | Found an ornate altar of the Wu Jian Council.
  8086 | D:5      | XOM: noise
  8106 | D:5      | XOM: silly message
  8378 | D:6      | Reached skill level 8 in Stealth
  8529 | D:6      | Found a staircase to the Ecumenical Temple.
  8731 | D:6      | Reached XP level 9. HP: 64/64 MP: 9/9
  9014 | D:6      | XOM: give mutation
  9014 | D:6      | Lost mutation: You possess an exceptional clarity of mind.
                  | [Xom's mischief]
  9017 | D:6      | Found a snail-covered altar of Cheibriados.
  9027 | D:6      | Reached skill level 9 in Stealth
  9112 | D:7      | XOM: enchant monster (good)
  9254 | D:7      | Reached skill level 5 in Evocations
  9285 | D:7      | XOM: god gift: giant club {god gift}
  9412 | D:7      | Noticed Menkaure
  9439 | D:7      | Reached skill level 5 in Fighting
  9439 | D:7      | Reached skill level 10 in Stealth
  9449 | D:7      | Reached skill level 5 in Dodging
  9458 | D:7      | XOM: destruction
  9462 | D:7      | XOM: confuse monster(s)
  9649 | D:7      | Found a stormy altar of Qazlal.
  9668 | D:7      | XOM: summons 1 hostile demon
  9683 | D:7      | You fall into a shaft and drop 3 floors!
  9683 | D:10     | Entered Level 10 of the Dungeon
  9794 | D:9      | Reached XP level 10. HP: 42/72 MP: 10/10
  9803 | D:9      | Slain by a gnoll

Illustrated notes

Levels and vault maps discovered:
D:1:      wander_arrival_lonely_grave, layout_basic
D:2:      layout_rooms
D:3:      layout_loops_cross, grunt_temple_overflow_order_and_chaos_1,
          nicolae_hepliaklqana_hazy_memory, basic_ecumenical_altar
D:4:      cheibrodos_pilgrimage, layout_rooms,
          mainiacjoe_overflow_small_starburst, ebering_ghost_gozag
D:5:      layout_loops_cross, nzn_wu_jian_contemplation
D:6:      layout_basic, slow_altar_2, minmay_temple_entry_statues_fountains,
          grunt_ministairs_11
D:7:      layout_rooms, nicolae_qazlal_beasts_of_the_sky, uniq_menkaure
D:9:      layout_roguey, kennysheep_small_square
D:10:     layout_roguey, grunt_nemelex_the_gamble, makhleb_altar_promises_db,
          erik_lair_orcish_takeover, lightli_orcish_oven

Skill      XL: |  1  2  3  4  5  6  7  8  9 |
---------------+----------------------------+-----
Stealth        | 1 3 4 5 7 8 10 | 10.6
Short Blades   | 4 5 6 7 |  7.5
Evocations     | 1 2 3 4 6 |  6.2
Dodging        | 3 4 5 |  5.3
Fighting       | 4 5 |  5.4
Shields        | 1 2 |  2.7

Action                     |  1- 3 |  4- 6 |  7- 9 | 10-12 || total
---------------------------+-------+-------+-------+-------++-------
  Melee: Short sword       |    69 |       |       |       ||    69
         Constrict         |    16 |    23 |    46 |     3 ||    88
         Tentacles         |    10 |    24 |    66 |     3 ||   103
         Dagger            |     2 |    96 |   236 |     8 ||   342
         Punch             |       |     3 |     6 |       ||     9
  Evoke: Wand              |       |     1 |     1 |       ||     2
    Use: Scroll            |       |       |     4 |       ||     4
         Potion            |       |       |     2 |     1 ||     3
   Stab: Sleeping          |     7 |     4 |    17 |       ||    28
         Distracted        |       |     1 |     1 |       ||     2
         Confused          |       |       |     1 |       ||     1
 Armour: Skin              |    19 |    33 |    71 |     4 ||   127
  Dodge: Dodged            |    43 |    44 |   105 |     5 ||   197
  Block: Buckler           |       |    11 |    35 |     2 ||    48

Table legend: (Time is in decaauts)
 A = Elapsed time spent in this place.
 B = Non-inter-level travel time spent in this place.
 C = Inter-level travel time spent in this place.
 D = Time resting spent in this place.
 E = Time spent auto-exploring this place.
 F = Levels seen in this place.
 G = Mean time per level.
                   A        B        C        D        E       F      G
               +--------+--------+--------+--------+--------+-----+--------+
         Total |   9714 |   9553 |    161 |   5600 |   2894 |   9 | 1079.3 |
       Dungeon |   9714 |   9553 |    161 |   5600 |   2894 |   9 | 1079.3 |
               +--------+--------+--------+--------+--------+-----+--------+

Top non-repeatable levels by time:
     D:1: 5067 daAuts
     D:4: 917 daAuts
     D:3: 888 daAuts
     D:6: 877 daAuts
     D:5: 717 daAuts
     D:2: 713 daAuts
     D:7: 418 daAuts
     D:9: 97 daAuts
    D:10: 16 daAuts
